 Dungeon Crawl Stone Soup version 0.20-a0-1078-g4874019 (webtiles) character file.

56 kuniqs the Skirmisher (level 3, -1/29 HPs)
             Began as a Mummy Fighter on Apr 30, 2017.
             Slain by Natasha (3 damage)
             ... on level 3 of the Dungeon.
             The game lasted 00:02:37 (1020 turns).

kuniqs the Skirmisher (Mummy Fighter)               Turns: 1020, Time: 00:02:37

Health: -1/29      AC:  8    Str: 19    XL:     3   Next: 71%
Magic:  3/3        EV:  7    Int:  7    God:
Gold:   104        SH:  9    Dex: 12    Spells: 2/2 levels left

rFire    x . .     SeeInvis .   a - +0 long sword
rCold    + . .     Gourm    .   c - +0 shield
rNeg     + + +     Faith    .   b - +0 scale mail
rPois    ∞         Spirit   .   (no helmet)
rElec    .         Reflect  .   (no cloak)
rCorr    .         Harm     .   (no gloves)
MR       .....     Rnd*Tele +   e - +1 pair of boots
Stlth    ..........             (no amulet)
Regen    0.1/turn               d - ring of teleportation (curse)
MPRegen  0.1/turn               (no ring)

@: no status effects
A: no food or potions, fire vulnerability, cold resistance 1, negative energy
resistance 3, torment resistance, unbreathing
a: no special abilities


You were on level 3 of the Dungeon.
You were not hungry.

You visited 1 branch of the dungeon, and saw 3 of its levels.

You collected 104 gold pieces.

Inventory:

Hand Weapons
 a - a +0 long sword (weapon)
 f - a +0 mace
Armour
 b - a +0 scale mail (worn)
 c - a +0 shield (worn)
 e - a +1 pair of boots (worn)
Jewellery
 d - a cursed ring of teleportation (left hand)


   Skills:
 + Level 3.3 Fighting
 + Level 2.1 Long Blades
 + Level 2.5 Armour
 + Level 1.0 Dodging
 + Level 2.8 Shields


You had 2 spell levels left.
You didn't know any spells.

Dungeon Overview and Level Annotations

Branches:
Dungeon (3/15)

Altars:
Hepliaklqana
Makhleb
Okawaru
Xom

Annotations:
D:3 Natasha


Innate Abilities, Weirdness & Mutations

You do not eat or drink.
Your flesh is vulnerable to fire.
You are immune to poison.
Your flesh is cold resistant. (rC+)
You are immune to negative energy. (rN+++)
You are immune to unholy pain and torment.
You can survive without breathing.


Message History

You block the giant cockroach's attack. Natasha barely misses you.
You riposte.
You hit Natasha. The kobold hits you but does no damage.
The crimson imp hits you but does no damage.
The giant cockroach barely misses you.
You barely miss Natasha. Natasha claws you. The kobold barely misses you.
You block the giant cockroach's attack. The crimson imp puffs mist at you.
The crimson imp blinks!
You block Natasha's attack.
You closely miss Natasha. You block the giant cockroach's attack.
The kobold hits you but does no damage.
The crimson imp blinks!
Natasha claws you but does no damage.
The giant cockroach bites you but does no damage.
The kobold hits you but does no damage.
You hit Natasha. You block the giant cockroach's attack.
You block the iron imp's attack. Natasha claws you!
* * * LOW HITPOINT WARNING * * *
The kobold hits you but does no damage.
The giant cockroach bites you but does no damage.
You block the iron imp's attack. Natasha claws you.
You die...

#........
+###
#.......
...o.#
#......#
.o.o..
#.....§# ##
#......####
#<
#..........
#.
#...5......
#.
#.s@h..5...
#.
####K%.....
#. .......
#. .......
#. .......
#. .....$.
#######


You could see an iron imp, Natasha, a crimson imp, a giant cockroach and a
kobold.

Vanquished Creatures
  Natasha (D:3)
  An adder (D:3)
  2 dart slugs (D:1)
  A leopard gecko (D:1)
  2 giant cockroaches
  2 goblins
  A hobgoblin (D:1)
  3 bats (D:1)
  2 frilled lizards (D:1)
  3 kobolds
  3 rats
21 creatures vanquished.

Notes
Turn   | Place    | Note
-------+----------+-------------------------------------------
     0 | D:1      | kuniqs the Mummy Fighter began the quest for the Orb.
     0 | D:1      | Reached XP level 1. HP: 18/18 MP: 1/1
   292 | D:1      | Reached XP level 2. HP: 23/24 MP: 2/2
   547 | D:2      | Found a shimmering altar of Xom.
   685 | D:2      | Found a burning altar of Makhleb.
   706 | D:2      | Found an iron altar of Okawaru.
   770 | D:2      | Found a hazy altar of Hepliaklqana.
   979 | D:3      | Noticed Natasha
   985 | D:3      | Killed Natasha
   985 | D:3      | Reached skill level 1 in Dodging
   985 | D:3      | Reached XP level 3. HP: 16/29 MP: 3/3
  1011 | D:3      | Noticed Natasha
  1020 | D:3      | Slain by Natasha

Vault maps used:
D:1:      eino_arrival_tree_alley
D:2:      lemuel_coloured_pillars_altar, lightli_temple_of_fire,
          okawaru_ov_weapons_minmay, overflow_temple_1_default
D:3:      first_bread, ashenzari_altar_1, uniq_natasha

Skill      XL: |  1  2 |
---------------+-------+-----
Long Blades    | 2 |  2.1
Dodging        | 1 |  1.0
Fighting       | |  3.3
Armour         | |  2.5
Shields        | |  2.8

Action                   || total
-------------------------++-------
Melee: Long sword        ||    78
  Use: Scroll            ||     4
Armor: Scale mail        ||    45
Dodge: Dodged            ||    21
Block: Shield            ||    45
       Rpst.: Long sword ||     5
